 Dungeon Crawl Stone Soup version 0.17-a0-1133-gfb1399f (webtiles) character file.

476 Fluffy the Skirmisher (level 7, -1/63 HPs)
             Began as a Hill Orc Fighter on May 25, 2015.
             Slain by a gnoll
             ... wielding a +0 spear
              (3 damage)
             ... on level 4 of the Dungeon.
             The game lasted 00:07:59 (3408 turns).

Fluffy the Skirmisher (Hill Orc Fighter)            Turns: 3408, Time: 00:08:00

Health: -1/63      AC: 12    Str: 19    XL:     7   Next: 10%
Magic:  7/7        EV:  3    Int:  8    God:
Gold:   159        SH:  9    Dex: 12    Spells: 0 memorised, 6 levels left

rFire  . . .     SeeInvis .     a - +0 war axe
rCold  . . .     Clarity  .     s - +0 plate armour
rNeg   . . .     SustAt   .     c - +0 shield
rPois  .         Gourm    .     (no helmet)
rElec  .         Spirit   .     (no cloak)
rCorr  .         Warding  .     (no gloves)
rMut   .         Stasis   .     (no boots)
MR     .....                    (no amulet)
Stlth  ..........               (no ring)
                                i - ring of wizardry (curse)

@: not resistant to hostile enchantments, extremely unstealthy
A: no striking features
a: no special abilities


You were on level 4 of the Dungeon.
You were very hungry.

You visited 1 branch of the dungeon, and saw 4 of its levels.

You collected 159 gold pieces.

Inventory:

Hand weapons
 a - a +0 war axe (weapon)
Armour
 c - a +0 shield (worn)
 s - a +0 plate armour (worn)
Jewellery
 i - a cursed ring of wizardry (left hand)
 m - an uncursed ring of ice
Scrolls
 f - a scroll of remove curse {unknown}
 h - a scroll of enchant weapon {unknown}
 j - 2 scrolls of fog {unknown}
 l - 4 scrolls of teleportation {unknown}
 o - 3 scrolls of noise {unknown}
 p - 3 scrolls of identify {unknown}
 q - 2 scrolls of enchant armour {unknown}
 v - a scroll of immolation {unknown}
Potions
 b - a potion of curing {unknown}
 d - a potion of might
 n - 3 potions of heal wounds {unknown}
 r - 2 potions of degeneration {unknown}
Comestibles
 e - 4 bread rations
 g - 3 meat rations
 k - 2 royal jellies
 t - 5 fruits


   Skills:
 + Level 6.1 Fighting
 + Level 5.7 Axes
 + Level 5.7 Armour
 - Level 3.2 Shields


You had 6 spell levels left.
You didn't know any spells.

Dungeon Overview and Level Annotations

Branches:
Dungeon (4/15)
 Temple: D:4-7

Altars:
Dithmenos
Elyvilon
Kikubaaqudgha
Trog
The Shining One
Beogh


Message History

You hit the gnoll.
You kill the gnoll!
The gnoll barely misses you. The gnoll hits you but does no damage.
The gnoll hits you with a halberd.
* * * LOW HITPOINT WARNING * * *
Things that are here:
a whip; a spear; a gnoll corpse You hit the gnoll.
The gnoll is heavily wounded.
You block the gnoll's attack. The gnoll hits you with a halberd!
* * * LOW HITPOINT WARNING * * *
You hit the gnoll but do no damage.
The gnoll is heavily wounded.
The gnoll hits you from afar with a spear.
* * * LOW HITPOINT WARNING * * *
You hit the gnoll.
The gnoll is severely wounded.
The gnoll hits you but does no damage.
The gnoll hits you from afar with a spear.
You die...

# # # # # # #
#
###########..#
#
#...>))@gg...#
#
#.########.#.#
# #.# #
#######.# #
#.......# #
#.####### #.#
#.# #.#


You could see 2 gnolls.

Vanquished Creatures
  A phantom (D:4)
  A crimson imp (D:2)
  A giant frog skeleton (D:4)
  An orc wizard (D:3)
  A centaur skeleton (D:4)
  An orc priest (D:3)
  Natasha (thrice) (D:2)
  A gnoll shaman (D:4)
  A worker ant zombie (D:4)
  3 gnolls (D:4)
  7 adders
  An ooze (D:3)
  2 worms (D:2)
  A giant gecko (D:3)
  11 orcs (D:3)
  A ball python (D:2)
  8 bats
  3 giant cockroaches
  10 hobgoblins
  16 jackals
  10 kobolds
  3 quokkas (D:3)
  2 giant newts
  10 goblins
  9 rats
108 creatures vanquished.

Notes
Turn   | Place    | Note
--------------------------------------------------------------
     0 | D:1      | Fluffy the Hill Orc Fighter began the quest for the Orb.
     0 | D:1      | Reached XP level 1. HP: 19/19 MP: 1/1
    57 | D:1      | Found a roughly hewn altar of Beogh.
    57 | D:1      | Noticed an orc warrior
    58 | D:1      | Noticed an orc wizard
   206 | D:1      | Reached XP level 2. HP: 25/27 MP: 2/2
   516 | D:1      | Reached skill level 4 in Fighting
   825 | D:1      | Reached XP level 3. HP: 28/33 MP: 3/3
  1106 | D:2      | Noticed Natasha
  1122 | D:2      | Killed Natasha
  1122 | D:2      | Reached XP level 4. HP: 12/41 MP: 4/4
  1148 | D:2      | Noticed Natasha
  1160 | D:2      | Killed Natasha
  1384 | D:2      | Found a shadowy altar of Dithmenos.
  1521 | D:2      | Found an ancient bone altar of Kikubaaqudgha.
  1568 | D:2      | Noticed Natasha
  1571 | D:2      | Killed Natasha
  1627 | D:2      | Reached skill level 5 in Fighting
  1863 | D:2      | Noticed a centaur
  2133 | D:3      | Found a white marble altar of Elyvilon.
  2163 | D:3      | Reached XP level 5. HP: 45/48 MP: 5/5
  2392 | D:3      | Found a glowing golden altar of the Shining One.
  2779 | D:3      | Found a bloodstained altar of Trog.
  2990 | D:3      | Reached XP level 6. HP: 51/56 MP: 6/6
  3001 | D:3      | Reached skill level 5 in Armour
  3161 | D:4      | Reached skill level 5 in Axes
  3305 | D:4      | Reached skill level 6 in Fighting
  3392 | D:4      | Reached XP level 7. HP: 21/63 MP: 7/7
  3406 | D:4      | HP: 3/63 [gnoll/halberd (8)]
  3408 | D:4      | Slain by a gnoll

Vault maps used:
D:1:      erik_arrival_cave_to_civilisation, roderic_filled_cross
D:2:      lemuel_round_altar, nicolae_dithmenos_through_a_glass_darkly,
          roderic_roman_lattice, lightli_corner_chamber, uniq_natasha
D:3:      nicolae_overflow_hidden_temple, tso_metal_star, bloody_trog,
          first_bread, interstate_on_off
D:4:      lemuel_blue_sif_altar, nicolae_ashenzari_panopticon,
          nemelex_xobeh_ov_fountains_minmay, serial_undead, serial_undead_f,
          serial_undead_e, serial_undead_b, serial_undead_e

Action                   |  1- 3 |  4- 6 |  7- 9 || total
-------------------------+-------+-------+-------++-------
Melee: War axe           |   100 |   339 |    14 ||   453
  Eat: Chunk             |     1 |     7 |       ||     8
